 Dungeon Crawl Stone Soup version 0.22.0-36-g8e74550 (webtiles) character file.

80 rhythmandbruise the Ruffian (level 4, -1/35 HPs)
             Began as a Draconian Transmuter on Aug 24, 2018.
             Slain by an orc
             ... wielding a cursed +0 trident
              (6 damage)
             ... on level 3 of the Dungeon.
             The game lasted 00:10:40 (2094 turns).

rhythmandbruise the Ruffian (Draconian Transmuter)  Turns: 2094, Time: 00:10:41

Health: -1/35      AC:  5    Str: 12    XL:     4   Next: 18%
Magic:  7/7        EV: 12    Int: 15    God:
Gold:   62         SH:  0    Dex: 11    Spells: 6/7 levels left

rFire    . . .     SeeInvis .     - Unarmed
rCold    . . .     Gourm    .   (no shield)
rNeg     . . .     Faith    .   (armour unavailable)
rPois    .         Spirit   .   (helmet restricted)
rElec    .         Reflect  .   (no cloak)
rCorr    .         Harm     .   (no gloves)
MR       .....                  (boots currently unavailable)
Stlth    +.........             (no amulet)
HPRegen  0.11/turn              (no ring)
MPRegen  0.10/turn              (no ring)

@: confused, appendage
A: unfitting armour, talons 3, cold-blooded, AC +5
a: End Transformation


You were on level 3 of the Dungeon.
You were not hungry.
You had grown temporary talons.
You visited 1 branch of the dungeon, and saw 3 of its levels.

You collected 62 gold pieces.

Inventory:

Hand Weapons
 b - a +0 club
 h - a +0 hunting sling
Missiles
 a - 12 arrows
 i - 55 stones (quivered)
Armour
 d - a cursed +0 robe
Jewellery
 l - an uncursed amulet of magic regeneration {unknown}
Scrolls
 g - a scroll of amnesia {unknown}
 j - 2 scrolls of remove curse {unknown}
 k - a scroll of fog {unknown}
 m - a scroll of fear {unknown}
Potions
 f - a potion of invisibility {unknown}
Comestibles
 c - 3 rations
 n - 2 chunks of flesh


   Skills:
 - Level 1.1 Fighting
 - Level 2.5 Dodging
 + Level 3.8 Unarmed Combat
 - Level 2.0 Spellcasting
 + Level 3.1 Transmutations


You had 6 spell levels left.
You knew the following spells:

 Your Spells              Type           Power        Failure   Level  Hunger
a - Beastly Appendage     Tmut           ##....       6%          1    #......

Your spell library contained the following spells:

 Spells                   Type           Power        Failure   Level  Hunger
 Sticks to Snakes         Tmut           ##......     10%         2    ###....
 Spider Form              Tmut/Pois      #.........   34%         3    ###....
 Ice Form                 Ice/Tmut       #.......     75%         4    #####..
 Blade Hands              Tmut           ##........   86%         5    ######.


Dungeon Overview and Level Annotations

Branches:
Dungeon (3/15)

Altars:
Elyvilon
Nemelex Xobeh
Trog
Vehumet


Innate Abilities, Weirdness & Mutations

Your plain brown scales are hard. (AC +5)
You cannot fit into any form of body armour.
You are cold-blooded and may be slowed by cold attacks.
You have claws for feet.


Message History

It was a potion of curing.
You feel better. The orc wizard hits you with a dagger.
The orc hits you with a flail.
You closely miss the orc wizard. You claw the orc wizard!
The orc wizard is almost dead.
The orc wizard points at you and mumbles some strange words.
You resist with some effort.
You barely miss the orc wizard.
The orc wizard is almost dead.
The orc hits you with a flail.
* * * LOW HITPOINT WARNING * * *
The orc hits you from afar with a trident.
* * * LOW HITPOINT WARNING * * *
The orc wizard casts a spell at you.
You are confused.
The orc wizard points at you and mumbles some strange words.
The puff of flame misses you.
The puff of flame hits the orc.
The orc dies!
You bump into the rock wall.
The orc hits you from afar with a trident.
You die...

... #. #.# #.. #.# #
....#######.# .#
##..#.......##..
...............
...#......o# .
#..#).....@# .
#..#.....o)# ..
#.##.....o.#
..#####..[.........w
..#.....).............
...............#.....#
#..............#.##.##
#...#########..#.# .#
#................. .


You could see 2 orc wizards and an orc.

Vanquished Creatures
  2 adders (D:3)
  A worm (D:2)
  2 dart slugs
  A leopard gecko (D:3)
  5 giant cockroaches
  7 goblins
  4 hobgoblins
  4 jackals (D:2)
  A quokka (D:3)
  6 bats
  A frilled lizard (D:1)
  13 kobolds
  4 rats
51 creatures vanquished.

Vanquished Creatures (others)
  An orc (D:3)
1 creature vanquished.

Grand Total: 52 creatures vanquished

Notes
Turn   | Place    | Note
-------+----------+-------------------------------------------
     0 | D:1      | rhythmandbruise the Draconian Transmuter began the quest for the Orb.
     0 | D:1      | Reached XP level 1. HP: 16/16 MP: 3/3
   234 | D:1      | Reached XP level 2. HP: 23/23 MP: 5/5
  1106 | D:2      | Reached XP level 3. HP: 28/28 MP: 4/6
  1898 | D:2      | Found a radiant altar of Vehumet.
  1988 | D:3      | Reached XP level 4. HP: 34/35 MP: 5/7
  2027 | D:3      | Found a white marble altar of Elyvilon.
  2030 | D:3      | Found a sparkling altar of Nemelex Xobeh.
  2033 | D:3      | Found a bloodstained altar of Trog.
  2094 | D:3      | Slain by an orc

Skill      XL: |  1  2  3 |
---------------+----------+-----
Dodging        | 2 |  2.5
Transmutations | 3 |  3.1
Fighting       | |  1.1
Unarmed Combat | |  3.8
Spellcasting   | |  2.0

Action                   |  1- 3 |  4- 6 || total
-------------------------+-------+-------++-------
Melee: Unarmed           |   124 |    17 ||   141
       Tailslap          |    15 |       ||    15
       Headbutt          |     7 |     2 ||     9
       Kick              |     7 |     2 ||     9
       Punch             |     2 |       ||     2
 Cast: Beastly Appendage |    27 |     2 ||    29
  Use: Potion            |       |     1 ||     1
 Stab: Sleeping          |     1 |       ||     1
  Eat: Chunk             |     4 |       ||     4
Armor: Skin              |    43 |     3 ||    46
Dodge: Dodged            |    73 |    14 ||    87
